 Dungeon Crawl Stone Soup version 0.20.1-1-g8b1a95d (webtiles) character file.

4027 gobwax the Basher (level 10, 0/83 HPs)
             Began as a Minotaur Fighter on July 21, 2017.
             Was a Priest of Okawaru.
             Succumbed to poison (dark miasma)
             ... on level 8 of the Dungeon.
             The game lasted 00:18:24 (6571 turns).

gobwax the Basher (Minotaur Fighter)                Turns: 6571, Time: 00:18:26

Health: 0/83       AC: 16    Str: 21    XL:     10   Next: 4%
Magic:  11/11      EV:  5    Int: 13    God:    Okawaru [***...]
Gold:   233        SH:  9    Dex: 10    Spells: 9/9 levels left

rFire    + . .     SeeInvis .   w - +1 whip (elec)
rCold    + . .     Gourm    .   c - +0 shield
rNeg     . . .     Faith    .   A - +4 chain mail "Forget-Me-Not" {Str-3 Int+3}
rPois    +         Spirit   .   (helmet restricted)
rElec    +         Reflect  .   p - +0 cloak
rCorr    +         Harm     .   (no gloves)
MR       .....                  (no boots)
Stlth    ..........             m - amulet of rage
Regen    0.3/turn               d - ring of loudness (curse)
MPRegen  0.2/turn               (no ring)

@: brilliant, lethally poisoned (0 -> -15), about to teleport, resistant, very
slightly contaminated, hasted and slowed
A: retaliatory headbutt, horns 2, blink, electricity resistance
a: Blink, Heroism, Renounce Religion, Evoke Berserk Rage


You were on level 8 of the Dungeon.
You worshipped Okawaru.
Okawaru was most pleased with you.
You were not hungry.

You visited 1 branch of the dungeon, and saw 8 of its levels.

You collected 499 gold pieces.
You spent 266 gold pieces at shops.

Inventory:

Hand Weapons
 a - a +0 flail
 w - a +1 whip of electrocution (weapon)
 x - a +0 giant club
Missiles
 y - 3 javelins (quivered)
 D - 4 poisoned tomahawks
Armour
 b - a +0 scale mail
 c - a +0 shield (worn)
 p - a +0 cloak (worn)
 A - the +4 chain mail "Forget-Me-Not" (worn) {Str-3 Int+3}
   (You bought it in a shop on level 7 of the Dungeon)

   It affects your strength (-3).
   It affects your intelligence (+3).
Jewellery
 d - a cursed ring of loudness (left hand)
 k - an uncursed amulet of guardian spirit
 m - an amulet of rage (around neck)
 n - a cursed -3 ring of strength {unknown}
 F - a +4 ring of intelligence {unknown}
Wands
 B - a wand of disintegration (8/24)
Scrolls
 e - 3 scrolls of recharging {unknown}
 g - 8 scrolls of identify {unknown}
 o - 2 scrolls of teleportation
 s - 2 scrolls of remove curse {unknown}
 v - a scroll of fog {unknown}
 z - a scroll of magic mapping {unknown}
 H - a scroll of fear {unknown}
Potions
 j - 2 potions of flight
 r - a potion of haste
Books
 q - Kikubaaqudgha's Almanac of Sinister Arts
   (Kikubaaqudgha gifted it to you on level 3 of the Dungeon)

   Spells                             Type                      Level
   a - Animate Skeleton               Necromancy                   1
   b - Corpse Rot                     Necromancy                   2
   c - Sublimation of Blood           Necromancy                   2
   d - Vampiric Draining              Necromancy                   3
   e - Control Undead                 Necromancy                   4
 t - a book of Maledictions

   Spells                             Type                      Level
   a - Corona                         Hexes                        1
   b - Ensorcelled Hibernation        Hexes/Ice                    2
   c - Confuse                        Hexes                        3
   d - Tukima's Dance                 Hexes                        3
   e - Dazzling Spray                 Conjuration/Hexes            3
Comestibles
 f - 5 bread rations
 h - 4 meat rations
 l - a royal jelly
 G - 3 chunks of flesh


   Skills:
 + Level 6.2 Fighting
 - Level 14.0 Maces & Flails
 + Level 7.3 Armour
 - Level 3.6 Shields
 + Level 3.3 Evocations


You had 9 spell levels left.
You didn't know any spells.

Dungeon Overview and Level Annotations

Branches:
Dungeon (8/15)             Temple (0/1) D:7
   Lair: D:8-11

Altars:
Ashenzari
Elyvilon
Kikubaaqudgha
Makhleb
Nemelex Xobeh
Okawaru
Ru
Uskayaw
Vehumet
Yredelemnul

Shops:
D:4 [   D:7 [


Innate Abilities, Weirdness & Mutations

You reflexively headbutt those who attack you in melee.
You have a pair of horns on your head.
You can translocate small distances at will.
You are resistant to electric shocks. (rElec)


Message History

* * * LOW HITPOINT WARNING * * *
You feel sick.
The centaur skeleton hits you but does no damage.
It was a potion of brilliance.
You feel clever all of a sudden.
* * * LOW HITPOINT WARNING * * *
You feel sick.
The centaur skeleton hits you but does no damage.
It was a potion of mutation.
You feel extremely strange.
You feel jittery.
You feel insulated.
* * * LOW HITPOINT WARNING * * *
You feel sick.
The centaur skeleton hits you but does no damage. x2
As you read the scroll labeled JICVOHI NIJEM, it crumbles to dust.
You feel strangely unstable.
It was a scroll of teleportation.
* * * LOW HITPOINT WARNING * * *
You feel sick. The centaur skeleton barely misses you.
* * * LOW HITPOINT WARNING * * *
You feel sick.
You die...

#. ###. #...#####
#.......# #.......#
#.......#
#.......#############.#
#.....@.Z.ZZ..ยงยง.......
#.......###############
#.......# #.......#
#.......# ####....#
######


You could see a hound skeleton, a centaur skeleton and a cyclops skeleton.

Vanquished Creatures
  Pikel (D:5)
  A hydra zombie (D:6)
  Grinder (D:4)
  Prince Ribbit (D:5)
  The ghost of polve the Chiller, an amateur MfIE of Yredelemnul (D:5)
  A hippogriff (D:7)
  A spriggan (D:7)
  A steam dragon (D:7)
  The ghost of Overlord the Cudgeler, an amateur DsGl (D:4)
  Duvessa (D:6)
  A sky beast (D:5)
  A phantom (D:5)
  A slave (D:5)
  3 ogres
  2 centaurs
  Blork the orc (D:6)
  6 bullfrogs
  2 cyclops zombies
  Dowan (D:6)
  2 scorpions (D:5)
  A troll zombie (D:7)
  3 howler monkeys
  4 crimson imps
  3 bullfrog zombies
  A quasit (D:2)
  2 hounds
  2 jellies
  An orc priest (D:2)
  A soldier ant zombie (D:5)
  A centaur skeleton (D:8)
  2 iguanas
  5 orc wizards
  Crazy Yiuf (D:3)
  Natasha (D:4)
  7 worker ants
  2 big kobold zombies
  A hound skeleton (D:6)
  4 worker ant zombies
  7 adders
  A shadow imp (D:6)
  3 oozes
  A worm zombie (D:7)
  An adder skeleton (D:7)
  An adder zombie (D:7)
  2 worms (D:3)
  A dart slug (D:3)
  4 leopard geckos
  26 orcs
  9 giant cockroaches
  8 hobgoblins
  3 quokkas
  2 ball pythons
  6 bats
  3 frilled lizards
  A frilled lizard zombie (D:7)
  6 goblins
  A hobgoblin zombie (D:6)
  2 kobolds (D:2)
  A leopard gecko skeleton (D:4)
  2 leopard gecko zombies
  4 rats
167 creatures vanquished.

Vanquished Creatures (others)
  2 slaves (D:5)
2 creatures vanquished.

Grand Total: 169 creatures vanquished

Notes
Turn   | Place    | Note
-------+----------+-------------------------------------------
     0 | D:1      | gobwax the Minotaur Fighter began the quest for the Orb.
     0 | D:1      | Reached XP level 1. HP: 19/19 MP: 0/0
    88 | D:1      | Reached skill level 3 in Maces & Flails
   110 | D:1      | Reached XP level 2. HP: 25/26 MP: 1/1
   676 | D:2      | Reached skill level 4 in Maces & Flails
   839 | D:2      | Found a white marble altar of Elyvilon.
   878 | D:2      | Reached XP level 3. HP: 27/31 MP: 2/2
   889 | D:2      | Found an ancient bone altar of Kikubaaqudgha.
  1007 | D:2      | Found a sparkling altar of Nemelex Xobeh.
  1007 | D:2      | Found a transporter.
  1008 | D:2      | Noticed a bullfrog
  1033 | D:2      | Found a basalt altar of Yredelemnul.
  1074 | D:2      | Killed a bullfrog
  1074 | D:2      | Reached skill level 5 in Maces & Flails
  1074 | D:2      | Reached XP level 4. HP: 16/39 MP: 1/3
  1078 | D:2      | Reached skill level 6 in Maces & Flails
  1387 | D:3      | Found a faded altar of an unknown god.
  1392 | D:3      | Reached XP level 5. HP: 45/45 MP: 4/4
  1413 | D:2      | Reached skill level 7 in Maces & Flails
  1707 | D:3      | Found a radiant altar of Vehumet.
  1735 | D:3      | Found a runed door.
  1742 | D:3      | Noticed Crazy Yiuf
  1745 | D:3      | Killed Crazy Yiuf
  1800 | D:3      | Reached XP level 6. HP: 32/51 MP: 5/5
  1936 | D:3      | Became a worshipper of Kikubaaqudgha
  1936 | D:3      | Reached * piety under Kikubaaqudgha
  1936 | D:3      | Identified Kikubaaqudgha's Almanac of Sinister Arts (Kikubaaqudgha gifted it to you on level 3 of the Dungeon)
  1936 | D:3      | Received a gift from Kikubaaqudgha
  2090 | D:3      | Found a sacrificial altar of Ru.
  2138 | D:3      | Reached skill level 8 in Maces & Flails
  2386 | D:4      | Found Varam's Armour Emporium.
  2443 | D:4      | Noticed Overlord's ghost (amateur DsGl)
  2449 | D:4      | Killed Overlord's ghost
  2615 | D:4      | Reached skill level 9 in Maces & Flails
  2676 | D:4      | Reached XP level 7. HP: 40/57 MP: 6/6
  2813 | D:4      | Noticed Grinder
  2826 | D:4      | Killed Grinder
  2826 | D:4      | Reached skill level 10 in Maces & Flails
  2980 | D:4      | Noticed Natasha
  2989 | D:4      | Killed Natasha
  3051 | D:4      | Reached skill level 11 in Maces & Flails
  3179 | D:5      | Entered Level 5 of the Dungeon
  3189 | D:5      | Reached XP level 8. HP: 59/64 MP: 7/7
  3228 | D:5      | Reached ** piety under Kikubaaqudgha
  3230 | D:5      | Noticed polve's ghost (amateur MfIE)
  3265 | D:5      | Killed polve's ghost
  3586 | D:5      | Reached skill level 12 in Maces & Flails
  3610 | D:5      | Reached skill level 1 in Evocations
  3731 | D:5      | Noticed Prince Ribbit
  3734 | D:5      | Found an iron altar of Okawaru.
  3777 | D:5      | Fell from the grace of Kikubaaqudgha
  3777 | D:5      | Became a worshipper of Warmaster Okawaru
  3920 | D:5      | Noticed Pikel
  3938 | D:5      | Reached skill level 13 in Maces & Flails
  3945 | D:5      | Killed Pikel
  3945 | D:5      | Reached * piety under Okawaru
  3945 | D:5      | Reached XP level 9. HP: 70/70 MP: 8/8
  3969 | D:5      | Killed Prince Ribbit
  3969 | D:5      | Reached skill level 14 in Maces & Flails
  4374 | D:6      | Noticed Duvessa
  4374 | D:6      | Noticed Dowan
  4383 | D:6      | Killed Duvessa
  4389 | D:6      | Killed Dowan
  4502 | D:6      | Found a sparkling altar of Nemelex Xobeh.
  4723 | D:6      | Noticed Blork the orc
  4733 | D:6      | Killed Blork the orc
  4733 | D:6      | Reached skill level 5 in Armour
  4734 | D:6      | Reached ** piety under Okawaru
  4776 | D:6      | Found a hide-covered altar of Uskayaw.
  4899 | D:6      | Found a sparkling altar of Nemelex Xobeh.
  4975 | D:6      | Found a shattered altar of Ashenzari.
  5274 | D:6      | Reached skill level 5 in Fighting
  5733 | D:7      | Found Unlew's Antique Armour Boutique.
  5741 | D:7      | Bought a polished chain mail for 266 gold pieces
  5751 | D:7      | Identified the +4 chain mail "Forget-Me-Not" {Str-3 Int+3} (You bought it in a shop on level 7 of the Dungeon)
  6054 | D:7      | Found a burning altar of Makhleb.
  6291 | D:7      | Found a staircase to the Ecumenical Temple.
  6379 | D:7      | Reached *** piety under Okawaru
  6379 | D:7      | Reached XP level 10. HP: 69/83 MP: 11/11
  6434 | D:7      | Noticed a harpy
  6437 | D:7      | Noticed a centaur warrior
  6568 | D:8      | Gained mutation: You can translocate small distances at will. [potion of mutation]
  6568 | D:8      | Gained mutation: You are resistant to electric shocks. (rElec) [potion of mutation]
  6568 | D:8      | HP: 4/83 [poison (dark miasma)]
  6571 | D:8      | Succumbed to poison (dark miasma)

Skill      XL: |  1  2  3  4  5  6  7  8  9 |
---------------+----------------------------+-----
Maces & Flails | 3 4 5 6 7 9 11 13 14 | 14.0
Evocations     | 1 3 |  3.3
Fighting       | 6 |  6.2
Armour         | 7 |  7.3
Shields        | |  3.6

Action                   |  1- 3 |  4- 6 |  7- 9 | 10-12 || total
-------------------------+-------+-------+-------+-------++-------
Melee: Flail             |    79 |   111 |   169 |       ||   359
       Headbutt          |    15 |    16 |    67 |     2 ||   100
       Whip              |       |       |   216 |    14 ||   230
Throw: Javelin           |       |       |     4 |       ||     4
 Abil: Evoke Berserk Rag |       |     1 |     6 |     1 ||     8
  Use: Potion            |     1 |       |     7 |     4 ||    12
       Scroll            |       |       |       |     5 ||     5
  Eat: Chunk             |       |     6 |    11 |     2 ||    19
       Royal jelly       |       |       |     3 |       ||     3
Armor: Scale mail        |    48 |    39 |    79 |       ||   166
       Skin              |       |       |     6 |       ||     6
       Chain mail        |       |       |    58 |    16 ||    74
Dodge: Dodged            |    27 |    25 |    60 |     7 ||   119
Block: Shield            |    54 |    59 |   154 |    13 ||   280
